TOP OF THE 1ST |
Gresham Gold Souls batting - Pitching for Spokane Trappers : RHP Ben Cobb
|
Pitching: RHP Ben Cobb
|
|
Batting: LHB Joel Nelson
|
0-0: Ball 1-0: Swinging Strike 1-1: Swinging Strike 1-2: Ground out 5-3 (Groundball, 56S)
|
Batting: RHB Jared Thompson
|
0-0: Called Strike 0-1: Ball 1-1: Called Strike 1-2: Ball 2-2: Foul Ball, location: 2F 2-2: Strikes out swinging
|
Batting: LHB Caleb Hall
|
0-0: Called Strike 0-1: Foul Ball, location: 2F 0-2: Strikes out swinging
|
Top of the 1st over - 0 runs, 0 hits, 0 errors, 0 left on base; Gresham 0 - Spokane 0 |
BOTTOM OF THE 1ST |
Spokane Trappers batting - Pitching for Gresham Gold Souls : RHP Jesús Gonzáles
|
Pitching: RHP Jesús Gonzáles
|
|
Batting: RHB Alberto Velásquez
|
0-0: Called Strike 0-1: Ball 1-1: Foul Ball, location: 2F 1-2: Ball 2-2: Foul Ball, location: 2F 2-2: Foul Ball, location: 2F 2-2: Ball 3-2: Foul Ball, location: 2F 3-2: Strikes out looking
|
Batting: LHB José Rivas
|
0-0: Called Strike 0-1: Foul Ball, location: 2F 0-2: Ball 1-2: Ball 2-2: Ball 3-2: SINGLE (Line Drive, 89M)
|
Batting: LHB Stan Bates
|
0-0: Foul Ball, location: 2F 0-1: Ball 1-1: Ball 2-1: Fly out, F6 (Flyball, 6MD)
|
Batting: RHB José Herrera
|
0-0: Called Strike 0-1: SINGLE (Groundball, 6MD) José Rivas to second Runner from 2nd tries for 3rd, SAFE, no throw
|
Batting: LHB Lorenzo Flores
|
0-0: Called Strike 0-1: 3-RUN HOME RUN (Line Drive, 9LD), Distance : 375 ft
|
Batting: RHB Andrew Good
|
0-0: Called Strike 0-1: Ball 1-1: Reached via error on a dropped throw, E1
|
Batting: LHB Harry Pitts
|
0-0: Ball 1-0: Ball 2-0: Ground out U3 (Groundball, 3)
|
Bottom of the 1st over - 3 runs, 3 hits, 1 error, 1 left on base; Gresham 0 - Spokane 3 |
TOP OF THE 2ND |
Gresham Gold Souls batting - Pitching for Spokane Trappers : RHP Ben Cobb
|
Batting: LHB Jeff Douglas
|
0-0: Called Strike 0-1: Ball 1-1: Foul Ball, location: 2F 1-2: Strikes out swinging
|
Batting: RHB Norm Francis
|
0-0: Foul Ball, location: 2F 0-1: Ball 1-1: SINGLE (Groundball, 56D)
|
Batting: LHB Ezechiele Bruno
|
0-0: Called Strike 0-1: Ball 1-1: Ball Norm Francis steals 2nd base 2-1: Foul Ball, location: 2F 2-2: Strikes out swinging passed ball, reaches first! Norm Francis to third
|
Batting: RHB Jesús Gutiérrez
|
0-0: Ball 1-0: Ball 2-0: Called Strike 2-1: Fly out, F4 (Line Drive, 4)
|
Batting: RHB David Hernández
|
0-0: Ball 1-0: Called Strike 1-1: Foul Ball, location: 2F 1-2: DOUBLE (Line Drive, 8LD) Norm Francis scores Ezechiele Bruno to third Runner from 3rd tries for Home, SAFE, no throw
|
Batting: LHB Héctor Cruz
|
0-0: Called Strike 0-1: Foul Ball, location: 2F 0-2: Ground out 6-3 (Groundball, 6M)
|
Top of the 2nd over - 2 runs, 2 hits, 0 errors, 1 left on base; Gresham 2 - Spokane 3 |
BOTTOM OF THE 2ND |
Spokane Trappers batting - Pitching for Gresham Gold Souls : RHP Jesús Gonzáles
|
Batting: RHB Danny Crouch
|
0-0: Called Strike 0-1: Foul Ball, location: 2F 0-2: SINGLE (Groundball, 4MD)
|
Batting: LHB Tommy Evans
|
0-0: Ball 1-0: Called Strike 1-1: Ball 2-1: Foul Ball, location: 2F 2-2: Ball 3-2: Foul Ball, location: 2F 3-2: Foul Ball, location: 2F 3-2: Base on Balls Danny Crouch to second
|
Batting: RHB Alberto Velásquez
|
0-0: Foul Ball, location: 2F 0-1: Reached on error, E1 (Groundball, 13S) Danny Crouch to third Tommy Evans to second
|
Batting: LHB José Rivas
|
0-0: Ground out U3 (Groundball, 34S) Danny Crouch scores Tommy Evans to third Alberto Velásquez to second
|
Batting: LHB Stan Bates
|
0-0: Foul Ball, location: 2F 0-1: Ball 1-1: Ball 2-1: Called Strike 2-2: Foul Ball, location: 2F 2-2: Foul Ball, location: 2F 2-2: Fly out, F7 (Flyball, 7S)
|
Batting: RHB José Herrera
|
0-0: Swinging Strike 0-1: Ball 1-1: Ball 2-1: Swinging Strike 2-2: Foul Ball, location: 2F 2-2: Ground out 6-3 (Groundball, 6)
|
Bottom of the 2nd over - 1 run, 1 hit, 1 error, 2 left on base; Gresham 2 - Spokane 4 |
TOP OF THE 3RD |
Gresham Gold Souls batting - Pitching for Spokane Trappers : RHP Ben Cobb
|
Batting: LHB Joel Nelson
|
0-0: SINGLE (Groundball, 56D)
|
Batting: RHB Jared Thompson
|
0-0: Ball 1-0: Called Strike 1-1: Called Strike 1-2: Foul Ball, location: 2F 1-2: Ball 2-2: Strikes out swinging
|
Batting: LHB Caleb Hall
|
0-0: Ball 1-0: Foul Ball, location: 2F 1-1: Called Strike 1-2: Ball 2-2: Fielders Choice at 2nd, 4-6 (Groundball, 4MD)
|
Batting: LHB Jeff Douglas
|
0-0: Ball 1-0: Called Strike 1-1: Fly out, F7 (Flyball, 78M)
|
Top of the 3rd over - 0 runs, 1 hit, 0 errors, 1 left on base; Gresham 2 - Spokane 4 |
BOTTOM OF THE 3RD |
Spokane Trappers batting - Pitching for Gresham Gold Souls : RHP Jesús Gonzáles
|
Batting: LHB Lorenzo Flores
|
0-0: Ball 1-0: Ground out 1-3 (Groundball, 13)
|
Batting: RHB Andrew Good
|
0-0: Ball 1-0: Ball 2-0: Swinging Strike 2-1: Ball 3-1: Called Strike 3-2: Foul Ball, location: 2F 3-2: Foul Ball, location: 2F 3-2: Foul Ball, location: 2F 3-2: Base on Balls
|
Batting: LHB Harry Pitts
|
0-0: Fielders Choice at 2nd, 3-6 (Groundball, 34)
|
Batting: RHB Danny Crouch
|
0-0: Swinging Strike 0-1: Ground out 4-3 (Groundball, 4)
|
Bottom of the 3rd over - 0 runs, 0 hits, 0 errors, 1 left on base; Gresham 2 - Spokane 4 |
TOP OF THE 4TH |
Gresham Gold Souls batting - Pitching for Spokane Trappers : RHP Ben Cobb
|
Batting: RHB Norm Francis
|
0-0: Called Strike 0-1: Called Strike 0-2: Strikes out swinging
|
Batting: LHB Ezechiele Bruno
|
0-0: Ground out 4-3 (Groundball, 4S)
|
Batting: RHB Jesús Gutiérrez
|
0-0: Called Strike 0-1: Ball 1-1: Foul Ball, location: 2F 1-2: Foul Ball, location: 2F 1-2: Foul Ball, location: 2F 1-2: Ball 2-2: Foul Ball, location: 2F 2-2: Ground out 6-3 (Groundball, 6)
|
Top of the 4th over - 0 runs, 0 hits, 0 errors, 0 left on base; Gresham 2 - Spokane 4 |
BOTTOM OF THE 4TH |
Spokane Trappers batting - Pitching for Gresham Gold Souls : RHP Jesús Gonzáles
|
Batting: LHB Tommy Evans
|
0-0: Called Strike 0-1: Foul Ball, location: 2F 0-2: Ball 1-2: Ball 2-2: Foul Ball, location: 2F 2-2: Strikes out swinging
|
Batting: RHB Alberto Velásquez
|
0-0: Ball 1-0: SINGLE (Groundball, 4S) (infield hit)
|
Batting: LHB José Rivas
|
0-0: Called Strike 0-1: Grounds into double play, 3-6-1 (Groundball, 3)
|
Bottom of the 4th over - 0 runs, 1 hit, 0 errors, 0 left on base; Gresham 2 - Spokane 4 |
TOP OF THE 5TH |
Gresham Gold Souls batting - Pitching for Spokane Trappers : RHP Ben Cobb
|
Batting: RHB David Hernández
|
0-0: Ground out 4-3 (Groundball, 4)
|
Batting: LHB Héctor Cruz
|
0-0: Called Strike 0-1: Ball 1-1: SINGLE (Flyball, 9LM)
|
Batting: LHB Joel Nelson
|
0-0: Ball 1-0: Foul Ball, location: 2F 1-1: Ball 2-1: Ball 3-1: Hit by Pitch Héctor Cruz to second
|
Batting: RHB Jared Thompson
|
0-0: SINGLE (Line Drive, 8RS) Héctor Cruz to third Joel Nelson to second Runner from 3rd tries for Home, SAFE, no throw
|
Batting: LHB Caleb Hall
|
0-0: Foul Ball, location: 2F 0-1: Called Strike Joel Nelson steals 3rd base Jared Thompson to second 0-2: Ball 1-2: Hit by Pitch
|
Batting: LHB Jeff Douglas
|
0-0: Ball 1-0: Ball 2-0: Grounds into double play, 3-6-3 (Groundball, 34)
|
Top of the 5th over - 1 run, 2 hits, 0 errors, 2 left on base; Gresham 3 - Spokane 4 |
BOTTOM OF THE 5TH |
Spokane Trappers batting - Pitching for Gresham Gold Souls : RHP Jesús Gonzáles
|
Batting: LHB Stan Bates
|
0-0: Foul Ball, location: 2F 0-1: Ball 1-1: Ball 2-1: Ball 3-1: Base on Balls
|
Batting: RHB José Herrera
|
0-0: Ball 1-0: SINGLE (Groundball, 6D) Stan Bates to second
|
Batting: LHB Lorenzo Flores
|
0-0: Called Strike 0-1: Foul Ball, location: 2F 0-2: Foul Ball, location: 2F 0-2: Fly out, F6 (Line Drive, 6M)
|
Batting: RHB Andrew Good
|
0-0: Swinging Strike 0-1: Called Strike 0-2: Ball 1-2: Foul Ball, location: 2F 1-2: Ball 2-2: Grounds into double play, 4-6-3 (Groundball, 4)
|
Bottom of the 5th over - 0 runs, 1 hit, 0 errors, 1 left on base; Gresham 3 - Spokane 4 |
TOP OF THE 6TH |
Gresham Gold Souls batting - Pitching for Spokane Trappers : RHP Ben Cobb
|
Batting: RHB Norm Francis
|
0-0: Ball 1-0: Ground out 6-3 (Groundball, 56)
|
Batting: LHB Ezechiele Bruno
|
0-0: Foul Ball, location: 2F 0-1: Foul Ball, location: 2F 0-2: Strikes out swinging
|
Batting: RHB Jesús Gutiérrez
|
0-0: Called Strike 0-1: Ground out 5-3 (Groundball, 56)
|
Top of the 6th over - 0 runs, 0 hits, 0 errors, 0 left on base; Gresham 3 - Spokane 4 |
BOTTOM OF THE 6TH |
Spokane Trappers batting - Pitching for Gresham Gold Souls : RHP Jesús Gonzáles
|
Pitching: RHP Paul Miller
|
|
Batting: LHB Harry Pitts
|
0-0: Called Strike 0-1: Ball 1-1: Ball 2-1: Foul Ball, location: 2F 2-2: Strikes out swinging
|
Batting: RHB Danny Crouch
|
0-0: Ball 1-0: Called Strike 1-1: Swinging Strike 1-2: Strikes out swinging
|
Batting: LHB Tommy Evans
|
0-0: Ball 1-0: Foul Ball, location: 2F 1-1: Ball 2-1: Ball 3-1: Called Strike 3-2: Base on Balls
|
Batting: RHB Alberto Velásquez
|
0-0: Fly out, F9 (Flyball, 89S)
|
Bottom of the 6th over - 0 runs, 0 hits, 0 errors, 1 left on base; Gresham 3 - Spokane 4 |
TOP OF THE 7TH |
Gresham Gold Souls batting - Pitching for Spokane Trappers : RHP Ben Cobb
|
Pitching: LHP Adrián León
|
|
Batting: RHB David Hernández
|
0-0: Ground out U3 (Groundball, 34S)
|
Batting: LHB Héctor Cruz
|
0-0: Foul Ball, location: 2F 0-1: Ball 1-1: Fly out, F6 (Line Drive, 56)
|
Batting: LHB Joel Nelson
|
0-0: Ball 1-0: Ball 2-0: Called Strike 2-1: Called Strike 2-2: SOLO HOME RUN (Line Drive, 9D), Distance : 372 ft
|
Batting: RHB Jared Thompson
|
0-0: Ball 1-0: Ball 2-0: Foul Ball, location: 2F 2-1: Swinging Strike 2-2: Ball 3-2: SINGLE (Groundball, 56D)
|
Pinch Hitting: RHB Alberto Chávez
|
0-0: Ball 1-0: Fielders Choice at 2nd, 6-4 (Groundball, 6)
|
Top of the 7th over - 1 run, 2 hits, 0 errors, 1 left on base; Gresham 4 - Spokane 4 |
BOTTOM OF THE 7TH |
Spokane Trappers batting - Pitching for Gresham Gold Souls : RHP Paul Miller
|
Now at 3B: Francis Shaffer
|
|
Batting: LHB José Rivas
|
0-0: Ball 1-0: Called Strike 1-1: Foul Ball, location: 2F 1-2: Ball 2-2: Fly out, F9 (Flyball, 89S)
|
Batting: LHB Stan Bates
|
0-0: Ball 1-0: Foul Ball, location: 2F 1-1: Foul Ball, location: 2F 1-2: Ball 2-2: DOUBLE (Line Drive, 9LM)
|
Batting: RHB José Herrera
|
0-0: 2-RUN HOME RUN (Flyball, 9LD), Distance : 358 ft
|
Pitching: RHP Fernando Gutiérrez
|
|
Batting: LHB Lorenzo Flores
|
0-0: Foul Ball, location: 2F 0-1: Fly out, F5 (Line Drive, 6)
|
Batting: RHB Andrew Good
|
0-0: Ball 1-0: Swinging Strike 1-1: Ball 2-1: Ground out U3 (Groundball, 3)
|
Bottom of the 7th over - 2 runs, 2 hits, 0 errors, 0 left on base; Gresham 4 - Spokane 6 |
TOP OF THE 8TH |
Gresham Gold Souls batting - Pitching for Spokane Trappers : LHP Adrián León
|
Now at C: José Martínez
|
|
Now at 1B: John Cotton
|
|
Now in LF: Carlos García
|
|
Batting: LHB Jeff Douglas
|
0-0: Ball 1-0: Called Strike 1-1: Swinging Strike 1-2: Ball 2-2: Foul Ball, location: 2F 2-2: Foul Ball, location: 2F 2-2: Fly out, F4 (Popup, 34D)
|
Batting: RHB Norm Francis
|
0-0: Swinging Strike 0-1: Foul Ball, location: 2F 0-2: Strikes out looking
|
Batting: LHB Ezechiele Bruno
|
0-0: Ball 1-0: Called Strike 1-1: Swinging Strike 1-2: Foul Ball, location: 2F 1-2: Ground out 1-3 (Groundball, 13)
|
Top of the 8th over - 0 runs, 0 hits, 0 errors, 0 left on base; Gresham 4 - Spokane 6 |
BOTTOM OF THE 8TH |
Spokane Trappers batting - Pitching for Gresham Gold Souls : RHP Fernando Gutiérrez
|
Batting: LHB Harry Pitts
|
0-0: Swinging Strike 0-1: Ball 1-1: Fly out, F4 (Line Drive, 4)
|
Batting: RHB Danny Crouch
|
0-0: Called Strike 0-1: Ball 1-1: Ball 2-1: Swinging Strike 2-2: Fly out, F7 (Flyball, 7LSF)
|
Batting: LHB Tommy Evans
|
0-0: Ball 1-0: Swinging Strike 1-1: Swinging Strike 1-2: Ball 2-2: Ball 3-2: Base on Balls
|
Batting: RHB Alberto Velásquez
|
0-0: Foul Ball, location: 2F 0-1: Ball 1-1: Ball 2-1: Called Strike 2-2: Ball 3-2: Base on Balls Tommy Evans to second
|
Batting: LHB José Rivas
|
0-0: Foul Ball, location: 2F 0-1: 3-RUN HOME RUN (Flyball, 9LD), Distance : 353 ft
|
Pitching: RHP Bob Bartell
|
|
Batting: LHB Stan Bates
|
0-0: Ball 1-0: Ball 2-0: Swinging Strike 2-1: SOLO HOME RUN (Flyball, 9LD), Distance : 348 ft
|
Batting: RHB Carlos García
|
0-0: SINGLE (Line Drive, 4MD)
|
Batting: LHB John Cotton
|
0-0: Ball 1-0: Ball 2-0: Fly out, F6 (Popup, P)
|
Bottom of the 8th over - 4 runs, 3 hits, 0 errors, 1 left on base; Gresham 4 - Spokane 10 |
TOP OF THE 9TH |
Gresham Gold Souls batting - Pitching for Spokane Trappers : LHP Adrián León
|
Batting: RHB Jesús Gutiérrez
|
0-0: Ball 1-0: Ball 2-0: Foul Ball, location: 2F 2-1: Foul Ball, location: 2F 2-2: SINGLE (Groundball, 34D)
|
Batting: RHB David Hernández
|
0-0: Ball 1-0: Ground out 5-3 (Groundball, 5S) Jesús Gutiérrez to second
|
Batting: LHB Héctor Cruz
|
0-0: Called Strike 0-1: Foul Ball, location: 2F 0-2: Ball 1-2: Strikes out swinging
|
Batting: LHB Joel Nelson
|
0-0: Ball 1-0: Ground out 4-3 (Groundball, 4)
|
Top of the 9th over - 0 runs, 1 hit, 0 errors, 1 left on base; Gresham 4 - Spokane 10 |
|